 Dungeon Crawl Stone Soup version 0.29.1-2-gbd0b4ee654 (webtiles) character file.

Game seed: 10671375735901803393

287 spicycupcake777 the Chopper (level 6, 0/48 HPs)
             Began as a Demonspawn Abyssal Knight on Nov 28, 2022.
             Was a Priest of Lugonu.
             Slain by zeram's ghost (6 damage)
             ... on level 3 of the Dungeon.
             The game lasted 00:13:19 (1904 turns).

spicycupcake777 the Chopper (DsAK)                  Turns: 1904, Time: 00:13:20

Health: 0/48       AC: 10    Str: 15    XL:     6   Next: 8%
Magic:  8/8        EV:  8    Int: 11    God:    Lugonu [***...]
Gold:   90         SH:  7    Dex: 14    Spells: 5/5 levels left

rFire   . . .      SeeInvis .   a - +1 hand axe
rCold   . . .      Faith    .   n - +0 kite shield
rNeg    . . .      Spirit   .   q - +0 scale mail
rPois   .          Reflect  .   (no helmet)
rElec   .          Harm     .   i - +0 cloak
rCorr   .          Rampage  .   d - +0 pair of gloves
Will    +....                   (no boots)
Stlth   ..........              t - amulet of magic regeneration
HPRegen 0.96/turn               r - ring of willpower
MPRegen 0.62/turn               (no ring)

@: no status effects
A: yellow scales 1, magic regeneration, regeneration 1, subdued magic 1,
inability to read after injury 1, MP-powered wands
a: Renounce Religion, Depart the Abyss, Bend Space, Banish


You were on level 3 of the Dungeon.
You worshipped Lugonu.
Lugonu was most pleased with you.
You visited 1 branch of the dungeon, and saw 3 of its levels.
You visited the Abyss 1 time.

You collected 90 gold pieces.

Inventory:

Hand Weapons
 a - a +1 hand axe (weapon)
Armour
 d - a +0 pair of gloves (worn)
 e - a +0 ring mail
 i - a +0 cloak (worn)
 n - a +0 kite shield (worn)
 q - a +0 scale mail (worn)
Jewellery
 r - a ring of willpower (left hand)
 t - an amulet of magic regeneration (around neck)
Wands
 m - a wand of roots (14)
 o - a wand of quicksilver (8)
Scrolls
 c - a scroll of enchant armour {unknown}
 f - a scroll of magic mapping
 g - a scroll of amnesia {unknown}
 j - 4 scrolls of identify {unknown}
 p - a scroll of teleportation {unknown}
Potions
 b - a potion of resistance {unknown}
 h - a potion of might {unknown}
 k - 2 potions of curing
 l - a potion of berserk rage {unknown}
 s - a potion of flight {unknown}


   Skills:
 + Level 3.8 Fighting
 * Level 4.2 Axes
 + Level 2.4 Armour
 * Level 2.0 Dodging
 + Level 0.4 Shields
 * Level 3.5 Invocations


You had 5 spell levels left.
You didn't know any spells.
Your spell library contained the following spells:

 Spells                   Type           Power      Damage    Failure   Level
 Ensorcelled Hibernation  Hex/Ice        0%         N/A       100%        2
 Ignite Poison            Fire/Tmut/Pois 0%         N/A       100%        3
 Mephitic Cloud           Conj/Pois/Air  0%         N/A       100%        3
 Spider Form              Tmut/Pois      0%         N/A       100%        3
 Anguish                  Hex/Necr       0%         N/A       100%        4
 Freezing Cloud           Conj/Ice/Air   0%         6-21      100%        5


Dungeon Overview and Level Annotations

Branches:
Dungeon (3/15)

Altars:

Annotations:
D:3 1 runed translucent door, zeram's ghost, amateur HOFi


Innate Abilities, Weirdness & Mutations

You are partially covered in yellow scales. (AC +2)
You regenerate magic rapidly.
Your natural rate of healing is unusually fast.
Your spells are a little easier to cast, but a little less powerful.
You occasionally lose the ability to read scrolls when taking damage.
You expend magic power (3 MP) to strengthen your wands.


Message History

You kill the bullfrog!
Lugonu accepts your kill.
Your Axes skill increases to level 4!
Your Dodging skill increases to level 2!
You have reached level 6!
You barely miss the river rat. The river rat bites you.
You slash the river rat!
The river rat is severely wounded.
The river rat barely misses you.
You closely miss the river rat.
The river rat is severely wounded.
The river rat bites you.
The river rat bites you but does no damage.
You hit the river rat.
You kill the river rat!
Lugonu accepts your kill.
You hit zeram's ghost.
Zeram's ghost is lightly damaged.
Zeram's ghost hits you!
You hit zeram's ghost but do no damage.
Zeram's ghost is lightly damaged.
You block zeram's ghost's attack. Zeram's ghost hits you!
You hit zeram's ghost but do no damage.
Zeram's ghost is lightly damaged.
Zeram's ghost barely misses you. Zeram's ghost attacks as you move away!
Zeram's ghost hits you!
You hit zeram's ghost.
Zeram's ghost is lightly damaged.
Zeram's ghost barely misses you.
You hit zeram's ghost.
Zeram's ghost is lightly damaged.
Zeram's ghost hits you!
* * * LOW HITPOINT WARNING * * *
Zeram's ghost barely misses you. Zeram's ghost attacks as you move away!
Zeram's ghost hits you!
You feel threatened and lose the ability to read scrolls!
* * * LOW HITPOINT WARNING * * *
You can read scrolls again.
Zeram's ghost attacks as you move away! Zeram's ghost hits you.
You die...

### #...#
#....##.#
#...#
#.#...#.#
#...#
#.#.###.#
#####
#.......#
###.##### #.#
###########)#
###
#...........#
..#
#.......@...#
..#
#.....(.W..)#
..#
#.......|...#
###
#....w......#
#...........#
#######
#..........##
......#
###†#####.##
.####.#
#~~~####.#
.#....#
#~~~##...#


You could see a worm and zeram's ghost.

Vanquished Creatures
  A bullfrog (D:3)
  A hound (D:2)
  An iguana (D:2)
  4 gnolls
  5 adders
  A river rat (D:3)
  2 worms
  2 dart slugs
  An orc (D:3)
  6 bats
  3 endoplasms
  8 goblins
  5 hobgoblins
  6 jackals
  4 kobolds
  3 quokkas
  8 ball pythons
  5 frilled lizards
  4 rats
70 creatures vanquished.

Notes
Turn   | Place    | Note
-------+----------+-------------------------------------------
     0 | Abyss:1  | spicycupcake777 the Demonspawn Abyssal Knight began the
                  | quest for the Orb.
     0 | Abyss:1  | Reached XP level 1. HP: 18/18 MP: 2/2
     0 | D:1      | Escaped the Abyss
    51 | D:1      | Reached skill level 1 in Dodging
   281 | D:1      | Gained mutation: You occasionally lose the ability to read
                  | scrolls when taking damage. [potion of mutation]
   281 | D:1      | Gained mutation: Your spells are a little easier to cast,
                  | but a little less powerful. [potion of mutation]
   281 | D:1      | Gained mutation: You expend magic power (3 MP) to
                  | strengthen your wands. [potion of mutation]
   281 | D:1      | Gained mutation: Your natural rate of healing is unusually
                  | fast. [potion of mutation]
   293 | D:1      | Gained mutation: You are partially covered in yellow
                  | scales. (AC +2) [demonic ancestry]
   293 | D:1      | Reached XP level 2. HP: 23/24 MP: 3/3
   328 | D:1      | Reached skill level 2 in Axes
   733 | D:2      | Found a faded altar of an unknown god.
   749 | D:2      | Reached XP level 3. HP: 25/29 MP: 3/5
   796 | D:2      | Reached XP level 4. HP: 26/37 MP: 6/6
   820 | D:2      | Reached skill level 3 in Axes
  1114 | D:2      | Reached *** piety under Lugonu
  1115 | D:2      | Gained mutation: You regenerate magic rapidly. [demonic
                  | ancestry]
  1115 | D:2      | Reached XP level 5. HP: 42/42 MP: 7/7
  1458 | D:3      | Found a runed translucent door.
  1466 | D:3      | Noticed zeram's ghost (amateur HOFi)
  1836 | D:3      | Found a runed translucent door.
  1890 | D:3      | Reached skill level 4 in Axes
  1890 | D:3      | Reached XP level 6. HP: 40/48 MP: 8/8
  1904 | D:3      | Slain by zeram's ghost

Illustrated notes

Levels and vault maps discovered:
D:1:      dpeg_arrival_tiny_a, layout_basic, minmay_cupped
D:2:      layout_rooms, basic_ecumenical_altar, minmay_bisected
D:3:      layout_basic, good_gods_temple_1, ebering_ghost_sewer_f,
          supply_closet_lemuel, corexii_item_surrounded_by_moat

Skill      XL: |  1  2  3  4  5 |
---------------+----------------+-----
Dodging        | 1 2 |  2.0
Axes           | 2 3 4 |  4.2
Armour         | 2 |  2.4
Invocations    | 3 |  3.5
Fighting       | |  3.8
Shields        | |  0.4

Action                   |  1- 3 |  4- 6 || total
-------------------------+-------+-------++-------
Melee: Hand axe          |    83 |   215 ||   298
       Punch             |       |     1 ||     1
Invok: Depart the Abyss  |     1 |       ||     1
  Use: Potion            |     3 |       ||     3
       Scroll            |     3 |       ||     3
Armor: Leather armour    |     7 |       ||     7
       Ring mail         |    42 |    62 ||   104
       Scale mail        |       |    42 ||    42
Dodge: Dodged            |    57 |    98 ||   155
Block: Kite shield       |       |    56 ||    56
